 Dungeon Crawl Stone Soup version 0.31-a0-632-g766dd24fdf (webtiles) character file.

Game seed: 6968700634127667676

152 zenocrate the Insei (level 5, -1/34 HPs)
             Began as an Octopode Shapeshifter on Aug 25, 2023.
             Slain by a gnoll
             ... wielding a +0 spear
             ... led by a gnoll bouda
              (10 damage)
             ... on level 4 of the Dungeon.
             The game lasted 00:02:32 (1957 turns).

zenocrate the Insei (Octopode Shapeshifter)         Turns: 1957, Time: 00:02:32

Health: -1/34      AC:  1    Str: 14    XL:     5   Next: 34%
Magic:  5/5        EV: 19    Int: 10    God:
Gold:   141        SH:  0    Dex: 15    Spells: 4/4 levels left

rFire   . .          .
                       - Unarmed
rCold   . . .        (no shield)
rNeg    . . .        (helmet currently unavailable)
rPois   .            (no amulet)
rElec   .            g - +5 ring of evasion
rCorr   .            f - ring of see invisible
SInv    +            (no ring)
Will    .....        (no ring)
Stlth   ++           (no ring)
HPRegen 0.25/turn    (no ring)
MPRegen 0.09/turn    (no ring)
                     (no ring)

%: no passive effects
@: beast-form
A: beast (slay +1), almost no armour, amphibious, 8 rings, camouflage 1,
gelatinous body 1, (nimble swimmer 1), tentacles
a: Begin Untransformation


You were on level 4 of the Dungeon.
You were a hulking beast.
You visited 1 branch of the dungeon, and saw 4 of its levels.

You collected 141 gold pieces.

Inventory:

Missiles
 h - a throwing net
Jewellery
 f - a ring of see invisible (right tentacle)
 g - a +5 ring of evasion (left tentacle)
 s - a +5 ring of evasion
Talismans
 b - a beast talisman (active)
 c - a flux talisman
Scrolls
 e - a scroll of butterflies {unknown}
 i - 2 scrolls of fog
 j - a scroll of brand weapon {unknown}
 k - a scroll of revelation {unknown}
 l - 2 scrolls of fear {unknown}
 m - a scroll of teleportation {unknown}
 o - a scroll of amnesia {unknown}
 p - a scroll of immolation {unknown}
 q - a scroll of blinking {unknown}
 r - a scroll of noise {unknown}
Potions
 a - a potion of lignification
 d - a potion of haste
 n - 2 potions of curing
 t - a potion of resistance {unknown}
 u - a potion of cancellation {unknown}
 v - a potion of mutation {unknown}


   Skills:
 - Level 1.8 Fighting
 - Level 3.0 Dodging
 * Level 4.7 Unarmed Combat
 + Level 3.4 Shapeshifting


You had 4 spell levels left.
You didn't know any spells.
Your spell library contained the following spells:

 Spells                   Type           Power      Damage    Failure   Level
 Sandblast                Erth           0%         2d4       36%         1
 Passwall                 Tmut/Erth      0%         N/A       50%         2
 Hailstorm                Conj/Ice       0%         3d3       75%         3
 Stone Arrow              Conj/Erth      0%         3d7       75%         3
 Summon Ice Beast         Ice/Summ       0%         N/A       98%         4
 Simulacrum               Ice/Necr       0%         N/A       100%        6


Dungeon Overview and Level Annotations

Branches:
Dungeon (4/15)
 Temple: D:4-7

Altars:

Shops:
D:3 (


Innate Abilities, Weirdness & Mutations

You are a hulking beast.
Your limbs bulge with bestial killing power. (Slay +1)
You cannot wear most types of armour.
You are amphibious.
You can wear up to eight rings at the same time.
Your skin changes colour to match your surroundings (Stealth+).
Your rubbery body absorbs attacks. (AC +1, EV +1)
((You are camouflaged when in or above water. (Stealth+)))
You have tentacles for arms and can constrict up to eight enemies at once.


Message History

The gnoll hits you from afar with a +0 spear!
You completely miss the gnoll bouda. You squeeze the gnoll bouda.
The gnoll bouda is heavily wounded.
You constrict the gnoll bouda, but do no damage.
The gnoll bouda barely misses you. The gnoll barely misses you.
You tentacle-slap the gnoll bouda.
The gnoll bouda is heavily wounded.
You constrict the gnoll bouda.
The gnoll bouda prays to its god.
The gnoll bouda is healed somewhat.
The gnoll hits you from afar with a +0 spear.
You are too injured to fight recklessly!
Unknown command.
You tentacle-slap the gnoll bouda.
You squeeze the gnoll bouda, but do no damage.
The gnoll bouda is severely wounded.
You constrict the gnoll bouda, but do no damage.
The gnoll bouda hits you with a +0 club.
Unknown command.
You tentacle-slap the gnoll bouda.
The gnoll bouda is severely wounded.
You constrict the gnoll bouda.
The gnoll hits you from afar with a +0 spear.
* * * LOW HITPOINT WARNING * * *
Unknown command.
You tentacle-slap the gnoll bouda.
You kill the gnoll bouda!
The gnoll misses you.
Unknown command.
The gnoll completely misses you.
Things that are here:
a +0 club; a +0 robe Unknown command.
You barely miss the gnoll. Your grab misses the gnoll.
Your squeeze misses the gnoll. The gnoll barely misses you.
Unknown command.
You tentacle-slap the gnoll. Your grab misses the gnoll.
The gnoll is moderately wounded.
The gnoll hits you with a +0 spear!
You die...

###############
.[.....g)......
#.h### ##)..#
###.# #.# #.#
#.#
#######.####
...........#
.#########...#


You could see a gnoll (swift).

Vanquished Creatures
  A gnoll bouda (D:4)
  2 gnolls (D:4)
  2 adders (D:3)
  2 worms (D:2)
  5 orcs (D:3)
  8 ball pythons
  6 endoplasms
  5 giant cockroaches
  8 goblins
  7 hobgoblins
  8 kobolds
  3 quokkas
  5 bats
  6 frilled lizards
  3 rats
71 creatures vanquished.

Notes
Turn   | Place    | Note
-------+----------+-------------------------------------------
     0 | D:1      | zenocrate the Octopode Shapeshifter began the quest for the
                  | Orb.
     0 | D:1      | Reached XP level 1. HP: 13/13 MP: 1/1
    60 | D:1      | Reached XP level 2. HP: 13/18 MP: 2/2
   191 | D:1      | You fall into a shaft and drop 1 floor!
   394 | D:2      | Reached XP level 3. HP: 23/23 MP: 3/3
  1239 | D:3      | Reached XP level 4. HP: 29/29 MP: 4/4
  1339 | D:3      | Reached skill level 4 in Unarmed Combat
  1747 | D:3      | Found Karr's Weapon Boutique.
  1944 | D:4      | Reached XP level 5. HP: 34/34 MP: 5/5
  1957 | D:4      | Slain by a gnoll

Illustrated notes

Levels and vault maps discovered:
D:1:      enne_arrival_octagon_isle, layout_rooms, kennysheep_another_room
D:2:      layout_loops_ring, grunt_decor_arrowhead,
          chequers_serial_rivers_micro_c
D:3:      layout_rooms, serial_shops, shop, kennysheep_generic_room_16
D:4:      layout_basic

Skill      XL: |  1  2  3  4 |
---------------+-------------+-----
Dodging        | 3 |  3.0
Unarmed Combat | 4 |  4.7
Fighting       | |  1.8
Shapeshifting  | |  3.4

Action                     |  1- 3 |  4- 6 || total
---------------------------+-------+-------++-------
  Melee: Unarmed           |    69 |    78 ||   147
         Constrict         |    18 |    18 ||    36
         Tentacles         |    11 |    12 ||    23
         Punch             |       |     2 ||     2
    Use: Scroll            |       |     4 ||     4
         Potion            |       |     2 ||     2
   Stab: Sleeping          |     7 |     2 ||     9
 Armour: Skin              |     2 |    13 ||    15
  Dodge: Dodged            |    43 |    58 ||   101

Table legend: (Time is in decaauts)
 A = Elapsed time spent in this place.
 B = Non-inter-level travel time spent in this place.
 C = Inter-level travel time spent in this place.
 D = Time resting spent in this place.
 E = Time spent auto-exploring this place.
 F = Levels seen in this place.
 G = Mean time per level.
                   A        B        C        D        E       F      G
               +--------+--------+--------+--------+--------+-----+--------+
         Total |   1944 |   1859 |     85 |      2 |   1406 |   4 |  486.0 |
       Dungeon |   1944 |   1859 |     85 |      2 |   1406 |   4 |  486.0 |
               +--------+--------+--------+--------+--------+-----+--------+

Top non-repeatable levels by time:
     D:2: 683 daAuts
     D:3: 592 daAuts
     D:1: 533 daAuts
     D:4: 135 daAuts
